 Dungeon Crawl Stone Soup version 0.31-a0-1591-g515db51633 (webtiles) character file.

Game seed: 15602214529298350971

7646 BigPumpCobain the Grappler (level 10, 0/40 HPs)
             Began as a Troll Shapeshifter on Jan 6, 2024.
             Was a Priest of Hepliaklqana.
             Killed from afar by an acid dragon (23 damage)
             ... with a splash of acid
             ... on level 10 of the Dungeon on Jan 7, 2024.
             The game lasted 00:14:10 (7731 turns).

BigPumpCobain the Grappler (Troll Shapeshifter)     Turns: 7731, Time: 00:14:10

Health: 0/40       AC: 15    Str: 32    XL:     10   Next: 99%
Magic:  11/11      EV:  7    Int:  6    God:    Hepliaklqana [***...]
Gold:   653        SH: 12    Dex:  9    Spells: 9/9 levels left

rFire   . .          .
                       - Unarmed
rCold   . . .        t - +0 tower shield
rNeg    + + .        a - melded +0 animal skin
rPois   ∞            (helmet restricted)
rElec   +            (no cloak)
rCorr   .            (gloves unavailable)
SInv    +            (boots unavailable)
Will    .....        M - amulet of regeneration
Stlth   ++           g - ring of see invisible
HPRegen 1.86/turn    p - ring "Liurphiteot" {rN+ Str+4 Stlth+}
MPRegen 0.12/turn

%: no passive effects
@: statue-form, corroded, studying Long Blades, very slow
A: slow and powerful, torment resistance 1, reduced hp, reduced essence, large,
unfitting armour, claws 3, regeneration 1, (shaggy fur 1), (tough skin 1)
a: Begin Untransformation, Renounce Religion, Recall Ancestor, Ancestor
Identity, Transference


You were on level 10 of the Dungeon.
You worshipped Hepliaklqana.
Hepliaklqana was most pleased with you.
You were a living statue of rough stone.
You visited 2 branches of the dungeon, and saw 11 of its levels.
You also visited: Sewer.

You collected 653 gold pieces.

Inventory:

Hand Weapons
 H - a +1 whip of electrocution
Armour
 a - a +0 animal skin (melded)
 t - a +0 tower shield (worn)
Jewellery
 g - a ring of see invisible (left claw)
 o - a +6 ring of intelligence
 p - the ring "Liurphiteot" (right claw) {rN+ Str+4 Stlth+}
   (You found it in a sewer)

   [ring of positive energy]

   Str+4:     It affects your strength (+4).
   rN+:       It protects you from negative energy.
   Stlth+:    It makes you more stealthy.
 J - a ring of resist corrosion
 M - an amulet of regeneration (around neck)
Talismans
 c - a beast talisman
 d - a flux talisman
 m - a granite talisman (active)
Wands
 v - a wand of acid (15)
 x - a wand of flame (15)
 E - a wand of mindburst (17)
 I - a wand of roots (9)
 L - a wand of charming (6)
Scrolls
 b - 2 scrolls of vulnerability
 h - 2 scrolls of poison
 j - 4 scrolls of revelation
 k - 5 scrolls of teleportation
 n - 2 scrolls of enchant weapon
 q - 3 scrolls of fear
 u - a scroll of torment
 w - a scroll of acquirement {unknown}
 y - a scroll of immolation
 F - a scroll of blinking {unknown}
 K - a scroll of fog {unknown}
 N - a scroll of identify
Potions
 e - a potion of haste {unknown}
 f - 3 potions of brilliance {unknown}
 i - 2 potions of might {unknown}
 l - a potion of attraction {unknown}
 r - a potion of enlightenment {unknown}
 s - a potion of degeneration {unknown}
 z - a potion of cancellation {unknown}
 A - a potion of invisibility {unknown}
 B - 2 potions of heal wounds {unknown}
 C - a potion of ambrosia {unknown}
 D - 4 potions of curing {unknown}
 G - a potion of magic {unknown}


   Skills:
 + Level 5.6 Fighting
 - Level 1.5 Dodging
 + Level 5.4 Shields
 * Level 10.3 Unarmed Combat
 + Level 3.2 Invocations
 * Level 9.5 Shapeshifting


You had 9 spell levels left.
You didn't know any spells.
Your spell library contained the following spells:

 Spells                   Type           Power      Damage    Failure   Level
 Cigotuvi's Dreadful Rot  Necr/Alch/Air  0%         N/A       95%         2
 Ensorcelled Hibernation  Hex/Ice        0%         N/A       95%         2
 Dazzling Flash           Conj/Hex       0%         N/A       99%         3
 Fugue of the Fallen      Necr           0%         N/A       99%         3
 Mephitic Cloud           Conj/Alch/Air  0%         N/A       99%         3
 Ozocubu's Armour         Ice            0%         N/A       99%         3
 Anguish                  Hex/Necr       0%         N/A       100%        4
 Dispel Undead            Necr           0%         3d6       100%        4
 Manifold Assault         Tloc           0%         N/A       100%        4
 Martyr's Knell           Necr/Summ      0%         N/A       100%        4
 Curse of Agony           Necr           0%         N/A       100%        5
 Silence                  Hex/Air        0%         N/A       100%        5
 Death Channel            Necr           0%         N/A       100%        6


Dungeon Overview and Level Annotations

Branches:
Dungeon (10/15)            Temple (1/1) D:6           Sewer (visited)
   Lair: D:8-11         Orc: D:9-12

Altars:
Ashenzari
Cheibriados
Dithmenos
Elyvilon
Fedhas
Gozag
Hepliaklqana
Kikubaaqudgha
Makhleb
Nemelex Xobeh
Okawaru
Qazlal
Ru
Sif Muna
Trog
Uskayaw
Vehumet
Wu Jian
Xom
Yredelemnul
Zin
The Shining One

Shops:
D:9 *


Innate Abilities, Weirdness & Mutations

You are a living statue of rough stone.
Your actions are slow, but your melee attacks are powerful.
You are resistant to unholy torment.
Your maximum health is decreased, since you lack skill for your form.
Your equipment is partially melded.
Your life essence is reduced to manifest your ancestor. (-10% HP)
You are too large for most types of armour.
You are immune to poison.
You have claws for hands.
Your natural rate of healing is unusually fast.
((You are covered in fur. (AC +1)))
((You have tough skin. (AC +1)))


Message History

You mangle the yak!!
The yak is severely wounded.
Tootemastubbe hits the yak with a +0 flail!
Something closely misses Tootemastubbe.
The yak barely misses you.
Tootemastubbe blocks the yak's attack.
You eviscerate the yak!!!
You kill the yak!
Something closely misses Tootemastubbe.
The yak closely misses Tootemastubbe.
Tootemastubbe hits the yak with a +0 flail!
Something gores Tootemastubbe but does no damage.
The yak gores Tootemastubbe!
Tootemastubbe is destroyed!
The yak bellows!
You eviscerate the yak!!!
You kill the yak!
You block the yak's attack.
You mangle the yak!!
You kill the yak!
Okay, then.
N - a scroll of identify You can now swap creatures with your ancestor.
j - 4 scrolls of revelation (gained 1)
Found an escape hatch in the floor.
You enter the shallow water.
An acid dragon comes into view.
The acid dragon roars!
You hear a bellow! x2
The acid dragon spits acid at you. The splash of acid hits you!!
The acid corrodes you!
The acid dragon moves out of view.
The acid dragon spits acid at you. The splash of acid hits you!
* * * LOW HITPOINT WARNING * * *
Tootemastubbe emerges from the mists of memory!
The acid dragon closely misses Tootemastubbe.
The acid dragon claws Tootemastubbe but does no damage.
Tootemastubbe barely misses the acid dragon.
The acid dragon spits acid at you. The splash of acid hits you!!
Ouch! That really hurt!
You die...

................###.......###
...............# #........#.
..[...........###..........
.........................
.........................
#........................ ..
#.......>................
..###........................
......>.....8................
.............................
................###..........
~D....DR........# #........#.
PP~♣♣...........###.......###
≈~~~~♣~.###.............#.##.
≈≈~~~~~~###...............##.
~≈~P~~~~~##.............##>.#
~~~~~~~~................##..#


You could see the friendly Tootemastubbe the knight and an acid dragon (catching
breath, ally target).

Vanquished Creatures
  A two-headed ogre (D:8)
  Pikel (D:5)
  Maurice (D:8)
  A troll (D:10)
  2 wyverns
  A wraith (D:9)
  7 yaks (D:10)
  A steam dragon (D:9)
  An acid dragon (D:9)
  2 water moccasins
  3 orc warriors
  3 black bears
  2 ice beasts
  An ogre (D:5)
  A sky beast (D:8)
  A crocodile (Sewer)
  4 centaurs
  4 lemures (D:4)
  2 bullfrogs
  A kobold brigand (D:7)
  A gnoll sergeant (D:7)
  5 scorpions
  8 wights (D:9)
  2 howler monkeys (D:10)
  6 hounds
  6 jellies
  5 orc priests
  A gnoll bouda (D:7)
  3 sleepcaps
  7 orc wizards
  An iguana (D:5)
  Natasha (twice) (D:2)
  11 gnolls
  8 adders
  2 river rats (D:3)
  A shadow imp (D:4)
  6 ufetubi (D:6)
  3 dart slugs
  3 ribbon worms
  37 orcs
  5 bats
  9 endoplasms
  7 giant cockroaches
  4 goblins
  7 hobgoblins
  7 jackals
  7 quokkas
  10 ball pythons
  2 frilled lizards
  18 kobolds
  5 rats
239 creatures vanquished.

Vanquished Creatures (collateral kills)
  2 hornets (D:10)
  A kobold brigand (D:9)
  2 wights (D:9)
  5 orcs
10 creatures vanquished.

Vanquished Creatures (others)
  A knight (D:10)
1 creature vanquished.

Grand Total: 250 creatures vanquished

Notes
Turn   | Place    | Note
-------+----------+-------------------------------------------
     0 | D:1      | BigPumpCobain the Troll Shapeshifter began the quest for
                  | the Orb.
     0 | D:1      | Reached XP level 1. HP: 18/18 MP: 0/0
    77 | D:1      | Reached skill level 1 in Fighting
    89 | D:1      | Reached XP level 2. HP: 27/27 MP: 1/1
   864 | D:2      | Reached XP level 3. HP: 33/33 MP: 2/2
  1144 | D:2      | Noticed Natasha
  1158 | D:2      | Killed Natasha
  1159 | D:2      | Reached skill level 4 in Unarmed Combat
  1159 | D:2      | Reached XP level 4. HP: 33/41 MP: 3/3
  1329 | D:2      | Noticed Natasha
  1336 | D:2      | Killed Natasha
  1616 | D:3      | Found a broken altar of Ashenzari.
  1897 | D:3      | Reached XP level 5. HP: 45/49 MP: 4/4
  1963 | D:3      | Identified the +2 leather armour of Ceweceon {-Tele Int+6
                  | Slay+3}
  2193 | D:3      | Found a glowing drain.
  2203 | Sewer    | Entered a sewer
  2257 | Sewer    | Noticed a crocodile
  2263 | Sewer    | Killed a crocodile
  2264 | Sewer    | Reached skill level 5 in Unarmed Combat
  2264 | Sewer    | Reached XP level 6. HP: 31/57 MP: 5/5
  2301 | Sewer    | Identified the ring "Liurphiteot" {rN+ Str+4 Stlth+}
  2877 | D:4      | Reached skill level 5 in Shapeshifting
  3154 | D:4      | Reached XP level 7. HP: 63/66 MP: 6/6
  3543 | D:5      | Entered Level 5 of the Dungeon
  3547 | D:5      | Noticed Pikel
  3900 | D:5      | Reached skill level 1 in Shields
  3903 | D:5      | Reached skill level 6 in Unarmed Combat
  4106 | D:5      | Killed Pikel
  4107 | D:5      | Reached XP level 8. HP: 6/75 MP: 7/7
  4263 | D:5      | Reached skill level 7 in Unarmed Combat
  5054 | D:6      | Reached XP level 9. HP: 83/84 MP: 8/8
  5083 | D:6      | Found a staircase to the Ecumenical Temple.
  5119 | Temple   | Entered the Ecumenical Temple
  5147 | Temple   | Became a worshipper of Hepliaklqana the Forgotten
  5289 | D:6      | Reached skill level 8 in Unarmed Combat
  5565 | D:7      | Found a snail-covered altar of Cheibriados.
  6263 | D:8      | Reached * piety under Hepliaklqana
  6399 | D:8      | Noticed Maurice
  6405 | D:8      | Killed Maurice
  6406 | D:8      | Reached skill level 9 in Unarmed Combat
  6406 | D:8      | Reached skill level 1 in Invocations
  6414 | D:8      | Reached XP level 10. HP: 83/84 MP: 6/9
  6549 | D:8      | Found a glowing golden altar of the Shining One.
  6681 | D:8      | Noticed a two-headed ogre
  6691 | D:8      | Killed a two-headed ogre
  6815 | D:9      | Found Hekylieh's CLEARANCE SALE!.
  6861 | D:9      | Reached skill level 5 in Fighting
  7000 | D:9      | Reached ** piety under Hepliaklqana
  7001 | D:9      | Remembered your ancestor Tootemastubbe as a knight
  7374 | D:9      | Reached skill level 5 in Shields
  7533 | D:10     | Entered Level 10 of the Dungeon
  7553 | D:10     | Reached skill level 10 in Unarmed Combat
  7702 | D:10     | Reached *** piety under Hepliaklqana
  7731 | D:10     | Killed from afar by an acid dragon

Illustrated notes

Levels and vault maps discovered:
D:1:      saegor_arrival_fortress, layout_loops_ring
D:2:      layout_loops_ring, minmay_increasing_density, uniq_natasha
D:3:      layout_basic, lemuel_tele_altar, gup_sewer_entry_bubbles,
          minmay_misc_feat_encased
D:4:      layout_basic, chequers_arboretum
D:5:      layout_cave_pods, grunt_decor_arrowhead, dk_vineyard_1, uniq_pikel
D:6:      layout_cave_pools, minmay_temple_entry_antechambers
D:7:      layout_loops_ring, amcnicky_altar_gilded
D:8:      layout_basic, nicolae_tso_swordbearing_angel, uniq_maurice
D:9:      layout_grid_maze, nicolae_shop_clearance
D:10:     layout_big_octagon, serial_bayou_ford_a, st_stairs_7,
          chequers_serial_rivers_room_a
Temple:   compressed_dpeg_triangle_lava_temple

Skill      XL: |  1  2  3  4  5  6  7  8  9 10 |
---------------+-------------------------------+-----
Fighting       | 1 2 3 4 5 |  5.6
Unarmed Combat | 4 5 6 7 9 10 | 10.3
Shapeshifting  | 4 5 6 7 8 9 |  9.5
Shields        | 2 3 4 5 |  5.4
Invocations    | 1 3 |  3.2
Dodging        | |  1.5

Action                     |  1- 3 |  4- 6 |  7- 9 | 10-12 || total
---------------------------+-------+-------+-------+-------++-------
  Melee: Unarmed           |   100 |   138 |   219 |    96 ||   553
         Punch             |     2 |     7 |     1 |       ||    10
 Invoke: Ancestor Identity |       |       |     1 |       ||     1
         Ancestor Life: Kn |       |       |       |     1 ||     1
    Use: Scroll            |       |     4 |     5 |       ||     9
         Potion            |       |       |     1 |     1 ||     2
   Stab: Sleeping          |     1 |     6 |     3 |     1 ||    11
         Distracted        |       |       |       |     1 ||     1
 Armour: Animal skin       |    53 |   109 |   196 |    28 ||   386
         Skin              |       |       |    11 |    58 ||    69
  Dodge: Dodged            |    30 |    74 |    89 |    23 ||   216
  Block: Tower shield      |       |       |   158 |    73 ||   231
   Form: Statue            |       |       |     1 |     1 ||     2
         Beast             |       |       |     1 |       ||     1

Table legend: (Time is in decaauts)
 A = Elapsed time spent in this place.
 B = Non-inter-level travel time spent in this place.
 C = Inter-level travel time spent in this place.
 D = Time resting spent in this place.
 E = Time spent auto-exploring this place.
 F = Levels seen in this place.
 G = Mean time per level.
                   A        B        C        D        E       F      G
               +--------+--------+--------+--------+--------+-----+--------+
         Total |   8013 |   7561 |    452 |    325 |   5761 |  12 |  667.8 |
       Dungeon |   7824 |   7386 |    438 |    325 |   5670 |  10 |  782.4 |
        Temple |     41 |     28 |     13 |      0 |      0 |   1 |   41.0 |
         Sewer |    147 |    147 |      0 |      0 |     91 |   1 |  147.0 |
               +--------+--------+--------+--------+--------+-----+--------+

Top non-repeatable levels by time:
     D:4: 1081 daAuts
     D:5: 1060 daAuts
     D:3: 1015 daAuts
     D:9: 897 daAuts
     D:1: 791 daAuts
     D:7: 785 daAuts
     D:2: 775 daAuts
     D:8: 594 daAuts
     D:6: 525 daAuts
    D:10: 297 daAuts
   Sewer: 147 daAuts
  Temple: 41 daAuts
